 Dungeon Crawl Stone Soup version 0.26-a0-830-g2a559e7be2 (webtiles) character file.

Game seed: 18305705682224287751

1383 Peloso the Shield-Bearer (level 8, -3/69 HPs)
             Began as a Minotaur Fighter on Nov 15, 2020.
             Slain by an orc warrior
             ... wielding a +0 trident
              (4 damage)
             ... on level 6 of the Dungeon.
             The game lasted 00:14:35 (5757 turns).

Peloso the Shield-Bearer (Minotaur Fighter)         Turns: 5757, Time: 00:14:36

Health: -3/69      AC: 12    Str: 21    XL:     8   Next: 40%
Magic:  16/16      EV:  7    Int: 11    God:
Gold:   204        SH: 12    Dex: 12    Spells: 7/7 levels left

rFire    + . .     SeeInvis .   a - +0 long sword
rCold    . . .     Faith    .   c - +1 kite shield
rNeg     . . .     Spirit   .   d - +2 chain mail {rF+}
rPois    .         Reflect  .   (helmet restricted)
rElec    .         Harm     .   (no cloak)
rCorr    .         Rampage  .   (no gloves)
MR       .....                  (no boots)
Stlth    ..........             r - amulet of the acrobat
HPRegen  0.21/turn              s - ring of magical power
MPRegen  0.15/turn              t - +6 ring of intelligence

@: no status effects
A: retaliatory headbutt, horns 2
a: no special abilities


You were on level 6 of the Dungeon.
You visited 2 branches of the dungeon, and saw 7 of its levels.

You collected 204 gold pieces.

Inventory:

Hand Weapons
 a - a +0 long sword (weapon)
Armour
 b - a +0 scale mail
 c - a +1 kite shield (worn)
 d - a +2 chain mail of fire resistance (worn)
 j - a +0 chain mail
Jewellery
 q - an uncursed ring of stealth
 r - an amulet of the acrobat (around neck)
 s - a ring of magical power (left hand)
 t - a +6 ring of intelligence (right hand)
Wands
 m - a wand of polymorph (6)
Scrolls
 f - 2 scrolls of teleportation
 g - 4 scrolls of magic mapping
 h - a scroll of enchant armour
 i - a scroll of fog
 l - 3 scrolls of enchant weapon {unknown}
 n - a scroll of holy word {unknown}
 o - 3 scrolls of identify
 p - 3 scrolls of remove curse
 u - a scroll of immolation
Potions
 e - 2 potions of resistance
 k - 3 potions of curing {unknown}


   Skills:
 + Level 5.4 Fighting
 + Level 7.2 Long Blades
 + Level 7.2 Armour
 + Level 2.5 Dodging
 + Level 0.3 Stealth
 + Level 7.2 Shields


You had 7 spell levels left.
You didn't know any spells.
Your spell library was empty.

Dungeon Overview and Level Annotations

Branches:
Dungeon (6/15)             Temple (1/1) D:5

Altars:
Ashenzari
Cheibriados
Dithmenos
Elyvilon
Fedhas
Gozag
Kikubaaqudgha
Makhleb
Nemelex Xobeh
Ru
Trog
Uskayaw
Vehumet
Wu Jian

Annotations:
D:5 1 runed translucent door, Riddle's ghost, amateur OgSu


Innate Abilities, Weirdness & Mutations

You reflexively headbutt those who attack you in melee.
You have a pair of horns on your head.


Message History

The orc warrior is heavily wounded.
You block the orc warrior's attack.
You hit the orc warrior.
The orc warrior is severely wounded.
The orc warrior hits you with a +0 trident!
You hit the orc warrior but do no damage.
The orc warrior is severely wounded.
The orc wizard mumbles some strange words.
The orc wizard flickers and vanishes!
The orc warrior hits you with a +0 trident.
* * * LOW HITPOINT WARNING * * *
You hit the orc warrior but do no damage.
You headbutt the orc warrior, but do no damage.
The orc warrior is severely wounded.
The orc warrior hits you with a +0 trident!
* * * LOW HITPOINT WARNING * * *
You closely miss the orc warrior. You headbutt the orc warrior.
The orc warrior is severely wounded.
The orc warrior hits you with a +0 trident.
You die...

#....# #.#
##..#####
...o# #.#
#....... #..##
#.# #..####.
#.o.####.#
#.## ##
#..o##..##
#.##
###o{.#..##
#..##
##{###..##
#...### #o#
##.(###.....#.
#@#
##...........
#.#
##.........#
#.#
###########
#.# #.. ..(#
...# ....#
(...#


You could see an orc warrior and 2 orcs.

Vanquished Creatures
  A yak (D:4)
  An orc warrior (D:5)
  2 phantoms
  An ogre (D:4)
  A centaur (D:6)
  2 howler monkeys (D:5)
  A bullfrog zombie (D:5)
  A hound (D:5)
  A centaur zombie (D:5)
  2 orc priests (D:6)
  4 orc wizards
  Jessica (D:3)
  A bullfrog skeleton (D:4)
  Terence (D:3)
  3 worker ants
  A hound skeleton (D:4)
  3 worker ant zombies
  Robin (D:3)
  11 adders
  2 white imps
  An ufetubus (D:2)
  An ooze (D:1)
  2 worms (D:3)
  2 dart slugs (D:1)
  6 leopard geckos
  20 orcs
  A ball python (D:3)
  10 bats
  4 giant cockroaches
  19 goblins
  7 hobgoblins
  11 jackals
  5 quokkas
  7 frilled lizards
  8 kobolds
  8 rats
153 creatures vanquished.

Vanquished Creatures (others)
  A plant (D:2)
1 creature vanquished.

Grand Total: 154 creatures vanquished

Notes
Turn   | Place    | Note
-------+----------+-------------------------------------------
     0 | D:1      | Peloso the Minotaur Fighter began the quest for the Orb.
     0 | D:1      | Reached XP level 1. HP: 19/19 MP: 0/0
   158 | D:1      | Reached XP level 2. HP: 23/27 MP: 1/1
   774 | D:2      | Reached XP level 3. HP: 33/33 MP: 2/2
  1296 | D:2      | Reached XP level 4. HP: 40/40 MP: 3/3
  1660 | D:3      | Found a sparkling altar of Nemelex Xobeh.
  1775 | D:3      | Reached skill level 1 in Dodging
  1894 | D:3      | Reached XP level 5. HP: 46/47 MP: 4/4
  1937 | D:3      | Reached skill level 5 in Armour
  2092 | D:3      | Noticed Terence
  2099 | D:3      | Killed Terence
  2294 | D:3      | Noticed Robin
  2432 | D:3      | Killed Robin
  2909 | D:3      | Noticed Jessica
  2916 | D:3      | Killed Jessica
  2917 | D:3      | Reached skill level 5 in Shields
  2917 | D:3      | Reached XP level 6. HP: 50/53 MP: 5/5
  3285 | D:4      | Reached skill level 5 in Long Blades
  3510 | D:4      | Reached XP level 7. HP: 50/60 MP: 6/6
  3624 | D:5      | Entered Level 5 of the Dungeon
  3628 | D:5      | Found a staircase to the Ecumenical Temple.
  3665 | Temple   | Entered the Ecumenical Temple
  4185 | D:5      | Reached skill level 5 in Fighting
  4503 | D:5      | Found a runed translucent door.
  4503 | D:5      | Noticed Riddle's ghost (amateur OgSu)
  4729 | D:5      | Noticed a yak
  4730 | D:5      | Noticed a yak
  4731 | D:5      | Noticed a yak
  4732 | D:5      | Noticed a yak
  4735 | D:5      | Noticed a yak
  4758 | D:4      | Killed a yak
  4986 | D:5      | Reached XP level 8. HP: 17/68 MP: 7/7
  5756 | D:6      | HP: 1/69 [orc warrior/+0 trident (17)]
  5757 | D:6      | Slain by an orc warrior

Illustrated notes

Levels and vault maps discovered:
D:1:      evilmike_arrival_plus, layout_loops_ring, grunt_decor_one_mirror,
          solitary_fountain
D:2:      layout_loops_corners, serial_bayou_pond_c, serial_bayou_lagoon_b
D:3:      layout_basic, nemelex_xobeh_ov_fountains_minmay, uniq_robin,
          uniq_jessica, uniq_terence
D:4:      layout_rooms
D:5:      layout_rooms, lemuel_doored_altar, minmay_temple_entry_slanted,
          hellmonk_ghost_happy_afterlife
D:6:      layout_layer_cave, serial_shops, shop, minmay_unpleasant_kobolds
Temple:   nicolae_temple_figure_eight

Skill      XL: |  1  2  3  4  5  6  7  8 |
---------------+-------------------------+-----
Armour         | 4 5 6 7 |  7.2
Fighting       | 4 5 |  5.4
Shields        | 4 5 7 |  7.2
Long Blades    | 3 4 5 6 7 |  7.2
Dodging        | 1 2 |  2.5
Stealth        | |  0.3

Action                   |  1- 3 |  4- 6 |  7- 9 || total
-------------------------+-------+-------+-------++-------
Melee: Long sword        |    76 |   204 |   214 ||   494
       Headbutt          |    11 |    36 |    50 ||    97
  Use: Potion            |     1 |     2 |     2 ||     5
       Scroll            |       |     7 |       ||     7
Armor: Scale mail        |    47 |    89 |       ||   136
       Chain mail        |       |    20 |    83 ||   103
Dodge: Dodged            |    21 |    59 |    52 ||   132
Block: Kite shield       |    39 |   129 |   136 ||   304
       Rpst.: Long sword |     7 |    20 |    15 ||    42

Table legend: (Time is in decaauts)
 A = Elapsed time spent in this place.
 B = Non-inter-level travel time spent in this place.
 C = Inter-level travel time spent in this place.
 D = Time resting spent in this place.
 E = Time spent auto-exploring this place.
 F = Levels seen in this place.
 G = Mean time per level.
                   A        B        C        D        E       F      G
               +--------+--------+--------+--------+--------+-----+--------+
         Total |   5884 |   5777 |    107 |    385 |   3942 |   7 |  840.6 |
       Dungeon |   5508 |   5401 |    107 |    385 |   3605 |   6 |  918.0 |
        Temple |    375 |    375 |      0 |      0 |    337 |   1 |  375.0 |
               +--------+--------+--------+--------+--------+-----+--------+

Top non-repeatable levels by time:
     D:3: 1326 daAuts
     D:5: 1066 daAuts
     D:2: 973 daAuts
     D:4: 890 daAuts
     D:1: 726 daAuts
     D:6: 526 daAuts
  Temple: 375 daAuts
